 Dungeon Crawl Stone Soup version 0.26-a0-682-g294304f6e8 (webtiles) character file.

Game seed: 6089465792362003320

351 dickylongcocking the Ruffian (level 6, -7/48 HPs)
             Began as a Ghoul Gladiator on Oct 21, 2020.
             Mangled by pigah's ghost (8 damage)
             ... on level 3 of the Dungeon.
             The game lasted 00:02:25 (2935 turns).

dickylongcocking the Ruffian (Ghoul Gladiator)      Turns: 2935, Time: 00:02:26

Health: -7/48      AC:  4    Str: 17 (20) XL:     6   Next: 61%
Magic:  5/5        EV: 12    Int:  2 (3)  God:
Gold:   123        SH:  0    Dex:  9 (10) Spells: 5/5 levels left

rFire    . . .     SeeInvis .     - Unarmed
rCold    + . .     Faith    .   (no shield)
rNeg     + + +     Spirit   .   a - +0 leather armour
rPois    ∞         Reflect  .   b - +0 helmet
rElec    .         Harm     +   k - scarf {harm}
rCorr    .         Rampage  .   (no gloves)
MR       .....                  (no boots)
Stlth    +.........             (no amulet)
HPRegen  0.00/turn              (no ring)
MPRegen  0.09/turn              (no ring)

@: about to teleport
A: rotting body, claws 1, cold resistance 1, negative energy resistance 3,
inhibited regeneration, torment resistance, unbreathing
a: no special abilities


You were on level 3 of the Dungeon.
You visited 1 branch of the dungeon, and saw 3 of its levels.

You collected 123 gold pieces.

Inventory:

Missiles
 c - 3 throwing nets (quivered)
 j - 8 javelins
Armour
 a - a +0 leather armour (worn)
 b - a +0 helmet (worn)
 k - a scarf of harm (worn)
Jewellery
 g - a cursed -4 ring of dexterity {unknown}
Scrolls
 d - 3 scrolls of magic mapping {unknown}
 e - 5 scrolls of identify
 f - a scroll of remove curse
 h - a scroll of enchant armour {unknown}
 m - 2 scrolls of teleportation
 o - 2 scrolls of fear {unknown}


   Skills:
 - Level 2.1 Fighting
 - Level 1.7 Throwing
 - Level 2.6 Dodging
 * Level 7.9 Unarmed Combat


You had 5 spell levels left.
You didn't know any spells.
Your spell library contained the following spells:

 Spells                   Type           Power        Failure   Level
 Summon Small Mammal      Summ           #...         63%         1
 Call Imp                 Summ           #.......     77%         2
 Call Canine Familiar     Summ           #.......     94%         3
 Summon Guardian Golem    Hex/Summ       #.......     94%         3
 Summon Ice Beast         Ice/Summ       #.......     100%        4
 Summon Lightning Spire   Summ/Air       #.......     100%        4


Dungeon Overview and Level Annotations

Branches:
Dungeon (3/15)

Altars:
Ashenzari
Dithmenos

Annotations:
D:3 pigah's ghost, amateur DrWn


Innate Abilities, Weirdness & Mutations

Your body is rotting away.
You thrive by killing the living.
You are immune to poison.
You have sharp fingernails.
Your flesh is cold resistant. (rC+)
You are immune to negative energy. (rN+++)
You do not regenerate when monsters are visible.
You are immune to unholy pain and torment.
You can survive without breathing.


Message History

You scratch pigah's ghost but do no damage.
Pigah's ghost is heavily damaged.
It was a potion of degeneration.
There was something very wrong with that liquid.
You feel weakened.
You feel dopey.
You feel clumsy. Pigah's ghost closely misses you.
Pigah's ghost says very slowly, "There's no hope."
As you read the scroll labeled WAXKUPTOBOU, it crumbles to dust.
You feel blessed for a moment.
It was a scroll of remove curse.
Pigah's ghost hits you but does no damage.
As you read the scroll labeled WAUCKI AHAIBI, it crumbles to dust.
It is a scroll of identify.
m - 3 scrolls of teleportation Pigah's ghost hits you!
* * * LOW HITPOINT WARNING * * *
As you read the scroll of teleportation, it crumbles to dust.
You feel strangely unstable.
Pigah's ghost whispers, "The ORB doesn't exist."
Pigah's ghost hits you!
You die...

#♣8♣##.##.#.###..#
#.=.##.##...##..##
##'###.##.......##
#...##.##.#####..#
#####.........#
#.....
#..........####
#....#
#.###.######
#)#### #W# #.# #@#
#.# #.# #.#### #.#
#..... #.. #.....
#### #..... #.....
##.... ###.# #.#


You could see pigah's ghost.

Vanquished Creatures
  Sigmund (D:3)
  An orc priest (D:3)
  Jessica (D:3)
  An orc wizard (D:3)
  3 adders
  An ooze (D:3)
  3 worms
  A dart slug (D:2)
  4 leopard geckos
  2 orcs (D:3)
  7 bats
  3 giant cockroaches
  10 goblins
  6 hobgoblins
  2 jackals
  5 frilled lizards
  11 kobolds
  4 rats
66 creatures vanquished.

Notes
Turn   | Place    | Note
-------+----------+-------------------------------------------
     0 | D:1      | dickylongcocking the Ghoul Gladiator began the quest for
                  | the Orb.
     0 | D:1      | Reached XP level 1. HP: 17/17 MP: 0/0
    76 | D:1      | Reached XP level 2. HP: 15/24 MP: 1/1
   220 | D:1      | Reached skill level 4 in Unarmed Combat
   619 | D:1      | Reached XP level 3. HP: 28/29 MP: 2/2
  1233 | D:2      | Found a broken altar of Ashenzari.
  1370 | D:2      | Reached skill level 5 in Unarmed Combat
  1659 | D:3      | Reached XP level 4. HP: 26/36 MP: 3/3
  1819 | D:3      | Noticed Sigmund
  2027 | D:3      | Killed Sigmund
  2027 | D:3      | Reached skill level 7 in Unarmed Combat
  2027 | D:3      | Reached XP level 5. HP: 14/41 MP: 4/4
  2027 | D:3      | Reached XP level 6. HP: 16/48 MP: 5/5
  2169 | D:3      | Found a shadowy altar of Dithmenos.
  2213 | D:3      | HP: 1/48 [something (5)]
  2850 | D:3      | Noticed Jessica
  2854 | D:3      | Killed Jessica
  2900 | D:3      | Found a runed translucent door.
  2901 | D:3      | Noticed pigah's ghost (amateur DrWn)
  2933 | D:3      | HP: 1/48 [pigah's ghost (13)]
  2935 | D:3      | Mangled by pigah's ghost

Illustrated notes

Levels and vault maps discovered:
D:1:      lemuel_arrival_muddy, layout_basic
D:2:      layout_rooms, ashenzari_altar_1, hex_tiny, serial_bayou_pond_d,
          st_stairs_12, minmay_pentomino_u2
D:3:      layout_loops_ring, gammafunk_ghost_grave,
          nicolae_dithmenos_shadow_blocks, uniq_jessica, uniq_sigmund

Skill      XL: |  1  2  3  4 |
---------------+-------------+-----
Unarmed Combat | 4 5 7 |  7.9
Fighting       | |  2.1
Throwing       | |  1.7
Dodging        | |  2.6

Action                   |  1- 3 |  4- 6 || total
-------------------------+-------+-------++-------
Melee: Unarmed           |   124 |   115 ||   239
       Punch             |     3 |     3 ||     6
  Use: Potion            |       |     7 ||     7
       Scroll            |       |     3 ||     3
Armor: Leather armour    |    43 |    31 ||    74
Dodge: Dodged            |    79 |    81 ||   160

Table legend: (Time is in decaauts)
 A = Elapsed time spent in this place.
 B = Non-inter-level travel time spent in this place.
 C = Inter-level travel time spent in this place.
 D = Time resting spent in this place.
 E = Time spent auto-exploring this place.
 F = Levels seen in this place.
 G = Mean time per level.
                   A        B        C        D        E       F      G
               +--------+--------+--------+--------+--------+-----+--------+
         Total |   2893 |   2813 |     80 |    598 |   1754 |   3 |  964.3 |
       Dungeon |   2893 |   2813 |     80 |    598 |   1754 |   3 |  964.3 |
               +--------+--------+--------+--------+--------+-----+--------+

Top non-repeatable levels by time:
     D:3: 1077 daAuts
     D:1: 1068 daAuts
     D:2: 747 daAuts
